 Dungeon Crawl Stone Soup version 0.31-a0-229-g1fc7ce93e2 (webtiles) character file.

Game seed: 6408708744621056638

71 fozzywoppz the Trooper (level 4, -1/30 HPs)
             Began as a Gargoyle Fighter on July 6, 2023.
             Slain by an orc
             ... wielding a +0 mace
              (3 damage)
             ... on level 3 of the Dungeon.
             The game lasted 00:03:41 (1643 turns).

fozzywoppz the Trooper (Gargoyle Fighter)           Turns: 1643, Time: 00:03:42

Health: -1/30      AC: 10    Str: 20    XL:     4   Next: 24%
Magic:  4/4        EV:  9    Int:  8    God:
Gold:   94         SH:  5    Dex: 17    Spells: 3/3 levels left

rFire   . . .        a - +0 flail
rCold   . . .        c - +0 buckler
rNeg    + . .        b - +0 scale mail
rPois   ∞            (no helmet)
rElec   +            (no cloak)
rCorr   .            (no gloves)
SInv    .            (no boots)
Will    .....        (no amulet) Stlth
                     o - +6 ring of dexterity
HPRegen 0.25/turn    (no ring)
MPRegen 0.09/turn

%: no passive effects
@: mighty
A: sickness immunity, AC +3, negative energy resistance 1, electricity
resistance, torment resistance 1, petrification resistance
a: no special abilities


You were on level 3 of the Dungeon.
You visited 1 branch of the dungeon, and saw 3 of its levels.

You collected 94 gold pieces.

Inventory:

Hand Weapons
 a - a +0 flail (weapon)
 g - a +0 mace
Armour
 b - a +0 scale mail (worn)
 c - a +0 buckler (worn)
Jewellery
 o - a +6 ring of dexterity (left hand)
 q - a ring of fire
Scrolls
 e - a scroll of fog {unknown}
 f - 2 scrolls of teleportation
 j - a scroll of amnesia {unknown}
 k - a scroll of blinking {unknown}
 m - a scroll of revelation {unknown}
Potions
 i - a potion of heal wounds {unknown}
 l - 2 potions of curing
 n - 3 potions of mutation
 p - a potion of brilliance {unknown}


   Skills:
 + Level 4.3 Fighting
 + Level 3.2 Maces & Flails
 - Level 3.2 Armour
 - Level 0.6 Dodging
 - Level 0.3 Stealth
 - Level 3.2 Shields


You had 3 spell levels left.
You didn't know any spells.
Your spell library contained the following spells:

 Spells                   Type           Power      Damage    Failure   Level
 Apportation              Tloc           0%         N/A       83%         1
 Necrotise                Necr           0%         1d4       83%         1
 Summon Small Mammal      Summ           0%         N/A       83%         1
 Dispel Undead            Necr           0%         3d6       100%        4
 Death Channel            Necr           0%         N/A       100%        6
 Cigotuvi's Dreadful Rot  Necr/Pois/Air  Unusable   N/A       N/A         2

Dungeon Overview and Level Annotations

Branches:
Dungeon (3/15)

Altars:


Innate Abilities, Weirdness & Mutations

You are immune to sickness and miasma.
Your stone body is resilient. (AC +3)
You are immune to poison.
You resist negative energy. (rN+)
You are resistant to electric shocks. (rElec)
You are resistant to unholy torment.
You are immune to petrification.


Message History

The endoplasm freezes you.
You are frozen.
The dart slug bites you but does no damage.
You barely miss the orc. The orc hits you with a +0 mace.
The orc hits you but does no damage. The endoplasm freezes you.
You are frozen.
The dart slug bites you but does no damage.
The orc hits you with a +0 club.
The endoplasm hits you but does no damage.
The orc hits you with a +0 mace. The endoplasm attacks as you move away!
The endoplasm hits you but does no damage.
You block the orc priest's attack. The orc hits you with a +0 mace.
The orc hits you but does no damage.
You barely miss the orc priest.
The dart slug bites you but does no damage.
The orc closely misses you. The endoplasm freezes you.
You are frozen.
* * * LOW HITPOINT WARNING * * *
You block the orc's attack.
The orc priest hits you but does no damage.
You barely miss the orc priest. The dart slug bites you.
* * * LOW HITPOINT WARNING * * *
The orc priest hits you but does no damage.
The endoplasm hits you but does no damage.
The orc hits you with a +0 mace.
* * * LOW HITPOINT WARNING * * *
The orc hits you but does no damage. The endoplasm attacks as you move away!
The endoplasm barely misses you. The orc completely misses you.
The orc priest hits you with a +0 dagger.
* * * LOW HITPOINT WARNING * * *
The endoplasm jiggles.
Unknown command.
You sock the orc priest!
The orc priest is heavily wounded.
The orc hits you with a +0 mace.
You die...

##.### .....#
###.###
.###.#
###..... .#
#.# ...... .#
#.# #....#
.....# #
#....# ##.###
#.##....###
#.#
###.........#
# #
#......@ow..#
#>.....oo...#
.......J..###
##...#...##
....##...#
#### #####


You could see an orc priest, a dart slug, 2 orcs and an endoplasm.

Vanquished Creatures
  A gnoll (D:1)
  4 worms (D:2)
  2 dart slugs (D:1)
  An orc (D:3)
  4 ball pythons (D:1)
  5 bats
  3 endoplasms
  2 giant cockroaches
  5 hobgoblins
  A kobold (D:3)
  3 quokkas
  A frilled lizard (D:3)
  4 goblins
  4 rats (D:2)
40 creatures vanquished.

Notes
Turn   | Place    | Note
-------+----------+-------------------------------------------
     0 | D:1      | fozzywoppz the Gargoyle Fighter began the quest for the
                  | Orb.
     0 | D:1      | Reached XP level 1. HP: 14/14 MP: 1/1
   202 | D:1      | Reached XP level 2. HP: 20/20 MP: 2/2
   625 | D:1      | Reached skill level 4 in Fighting
   625 | D:1      | Reached XP level 3. HP: 12/24 MP: 3/3
  1091 | D:2      | Reached XP level 4. HP: 29/29 MP: 4/4
  1165 | D:2      | Identified the +2 robe "Vaciej" {Dex+3}
  1643 | D:3      | Slain by an orc

Illustrated notes

Levels and vault maps discovered:
D:1:      ebering_hopf_link, layout_basic
D:2:      layout_basic
D:3:      layout_loops_ring, nicolae_wu_jian_wuxing_cycle,
          lightli_sewer_entry_pipes, dreamdust_mushroom_princess,
          nrook_loot_triangle, st_stairs_10

Skill      XL: |  1  2  3 |
---------------+----------+-----
Fighting       | 4 |  4.3
Maces & Flails | 3 |  3.2
Armour         | |  3.2
Dodging        | |  0.6
Stealth        | |  0.3
Shields        | |  3.2

Action                     |  1- 3 |  4- 6 || total
---------------------------+-------+-------++-------
  Melee: Flail             |   101 |    29 ||   130
    Use: Scroll            |       |     3 ||     3
         Potion            |       |     1 ||     1
 Armour: Scale mail        |    40 |    19 ||    59
  Dodge: Dodged            |    64 |    17 ||    81
  Block: Buckler           |    34 |     9 ||    43

Table legend: (Time is in decaauts)
 A = Elapsed time spent in this place.
 B = Non-inter-level travel time spent in this place.
 C = Inter-level travel time spent in this place.
 D = Time resting spent in this place.
 E = Time spent auto-exploring this place.
 F = Levels seen in this place.
 G = Mean time per level.
                   A        B        C        D        E       F      G
               +--------+--------+--------+--------+--------+-----+--------+
         Total |   1681 |   1626 |     55 |      0 |   1176 |   3 |  560.3 |
       Dungeon |   1681 |   1626 |     55 |      0 |   1176 |   3 |  560.3 |
               +--------+--------+--------+--------+--------+-----+--------+

Top non-repeatable levels by time:
     D:1: 794 daAuts
     D:2: 772 daAuts
     D:3: 115 daAuts
